[Event "85th ARM-ch HL 2025"]
[Site "Yerevan"]
[Date "2025.01.16"]
[Round "3.3"]
[White "Petrosyan, Manuel"]
[Black "Grigoryan, Karen H."]
[Result "1/2-1/2"]
[Annotator "TA"]
[ECO "D17"]
[WhiteElo "2590"]
[BlackElo "2572"]
[PlyCount "52"]
[EventDate "2025.01.13"]
[EventType "tourn"]
[EventCountry "ARM"]
[SourceTitle "playchess.com"]
[Source "ChessBase"]
[SourceQuality "1"]
[TimeControl "40/5400+30:1800+30"]

1. d4 Nf6 2. c4 c6 3. Nc3 d5 4. Nf3 dxc4 5. a4 Bf5 6. Ne5 Nbd7 7. Nxc4 Nb6 8. Ne5 a5 9. f3 Nfd7 10. e4 Nxe5 11. exf5 Ned7 12. Be3 g6 13. d5 Bg7 {[%emt 0:01:43] Against Qd4} (13... gxf5 $15 14. Qd3 Nxd5 15. Nxd5 cxd5 16. Qxd5 e6) 14. dxc6 $11 bxc6 15. Qc2 O-O 16. Be2 Qb8 17. fxg6 hxg6 18. O-O Rc8 19. Rac1 Nf6 20. b3 Nfd5 21. Nxd5 Nxd5 22. Bf2 Bf6 23. Bc4 Kg7 24. Qe4 Rh8 25. g3 Qd6 26. h4 Rhd8 1/2-1/2

[Event "85th ARM-ch HL 2025"]
[Site "Yerevan"]
[Date "2025.01.16"]
[Round "3.4"]
[White "Andriasian, Zaven"]
[Black "Hayrapetyan, Hovik"]
[Result "1/2-1/2"]
[Annotator "TA"]
[ECO "B90"]
[WhiteElo "2554"]
[BlackElo "2462"]
[PlyCount "61"]
[EventDate "2025.01.13"]
[EventType "tourn"]
[EventCountry "ARM"]
[SourceTitle "playchess.com"]
[Source "ChessBase"]
[SourceQuality "1"]
[TimeControl "40/5400+30:1800+30"]

1. e4 c5 2. Nf3 d6 3. d4 cxd4 4. Nxd4 Nf6 5. Nc3 a6 6. h3 e5 7. Nb3 Be7 8. g4 h6 9. Be3 Nbd7 10. Qd2 Nf8 (10... b5 $11) 11. f4 {[%emt 0:06:35] White is more active.} (11. O-O-O $16) 11... exf4 $11 12. Bxf4 Ng6 13. Be3 Be6 (13... O-O $11) 14. O-O-O $14 Rc8 15. Kb1 Ne5 16. Nd5 (16. Nd4 {is interesting.} Qa5 17. Bd3 b5 18. a3) 16... Nxd5 17. exd5 Bd7 18. Be2 O-O 19. Nd4 Re8 20. Rhg1 Nc4 21. Bxc4 Rxc4 22. b3 Rc8 23. Nf5 Bxf5 $1 24. gxf5 Kh7 25. Bd4 Bf6 26. Rg4 {[%emt 0:00:41] Against Re4} Bxd4 27. Qxd4 {[%emt 0:00:10][%csl Gg4][%cal Rd4g7] [#]} f6 28. Rdg1 ({White should try} 28. Re4 $1 $11) 28... Re7 ({Better is} 28... Rc7 $1 $15) 29. Re4 $1 $11 {[%emt 0:02:56] The position is equal.} Re5 30. Rxe5 dxe5 31. Qe4 {[%emt 0:01:22] Weighted Error Value: White=0.17 (very precise) /Black=0.17 (very precise) .  Mistake:       	White=2     	Black=3      Inaccurate:     	White=4     	Black=1      OK:         	White=8     	Black=10     Best:        	---       	Black=2      Strong:       	White=1     	Black=1} 1/2-1/2

[Event "85th ARM-ch HL 2025"]
[Site "Yerevan"]
[Date "2025.01.16"]
[Round "3.5"]
[White "Sargsyan, Sargis Vach."]
[Black "Hovhannisyan, Robert"]
[Result "1/2-1/2"]
[Annotator "TA"]
[ECO "C77"]
[WhiteElo "2370"]
[BlackElo "2626"]
[PlyCount "190"]
[EventDate "2025.01.13"]
[EventType "tourn"]
[EventCountry "ARM"]
[SourceTitle "playchess.com"]
[Source "ChessBase"]
[SourceQuality "1"]
[TimeControl "40/5400+30:1800+30"]

1. e4 e5 2. Nf3 Nc6 3. Bb5 a6 4. Ba4 Nf6 5. O-O Be7 6. d3 b5 7. Bb3 d6 8. a3 O-O 9. Nc3 Rb8 10. h3 Na5 11. Ba2 c5 12. Bg5 c4 13. b4 cxb3 14. cxb3 b4 15. axb4 Nc6 16. Rc1 Nxb4 17. Bb1 Nfd5 18. Nxd5 Nxd5 19. Bd2 Nb4 20. d4 Bf6 21. Rc4 a5 22. Bxb4 axb4 23. Bd3 Qb6 24. d5 Bd7 25. Qd2 Rfc8 26. Ra1 g6 27. Ne1 Kg7 28. Rxc8 Bxc8 29. Bc4 Bd8 30. Ra4 Qc5 31. Nd3 Qd4 32. Qe3 (32. Rxb4 $2 Ba5 33. Rxb8 Bxd2 $19) 32... Qxe3 33. fxe3 Bd7 34. Ra6 Bb6 35. Kf2 f5 36. Ke2 Bc8 (36... fxe4 $11 37. Nxb4 Bc5) 37. Ra4 $16 Bd7 38. Ra6 Bc8 39. Ra2 fxe4 40. Nxb4 Bb7 41. Ra4 Ra8 42. Rxa8 Bxa8 43. Na2 Kf6 44. Nc3 Ba5 45. Na2 (45. Nxe4+ $16 Ke7 46. Ng5) 45... Bd8 (45... Bb6 $1 $11 {keeps the balance.}) 46. b4 $1 $16 Ke7 47. Nc3 Kd7 48. Nxe4 Bb7 49. g4 Bh4 50. Bb5+ $1 Kc7 51. Nc3 Be7 52. Be8 $1 Bc8 53. Bf7 ({White should play} 53. Kf3 $16) 53... Bd7 $14 54. Kf3 Bh4 $1 55. Bg8 Be1 56. Ne4 h6 57. Bf7 g5 58. Nf6 Bxb4 59. Be8 Bc8 60. Bb5 Kd8 61. Ng8 Ba3 62. Ke4 Bc5 63. Kd3 Bb6 64. e4 Bf2 65. Ke2 Bc5 66. Kf3 Bb4 67. Kf2 Bc5+ 68. Kg3 Bb4 69. Kf3 Be1 70. Ke2 Bb4 71. Kd3 Be1 72. Kc4 Bd2 73. Kb3 Be1 74. Bd3 Ke8 75. Nxh6 Kf8 76. Nf5 Bxf5 77. exf5 e4 78. Bxe4 Ke7 79. Kc4 Bg3 80. Kb5 Be5 81. Kc6 Bf6 82. Bf3 Be5 {[%emt 0:00:19] [#]} 83. h4 (83. Be2 $1 $16) 83... Bf6 $2 (83... gxh4 $11 {and Black is okay.} 84. g5 h3) 84. h5 $18 Be5 85. h6 Bf6 86. h7 Be5 87. Bd1 Bf6 88. Bc2 Be5 89. Kb5 Bf6 90. Kc4 Kf8 91. Kb5 Ke7 $1 92. Kc6 Be5 $1 {[%emt 0:00:08] [#]} 93. f6+ (93. Kc7 $1 $18) 93... Bxf6 $16 94. Kb5 Bg7 95. Kc4 Bh8 1/2-1/2

[Event "85th ARM-ch HL 2025"]
[Site "Yerevan"]
[Date "2025.01.17"]
[Round "4.1"]
[White "Davtyan, Artur"]
[Black "Hovhannisyan, Robert"]
[Result "1/2-1/2"]
[Annotator "TA"]
[ECO "D41"]
[WhiteElo "2458"]
[BlackElo "2626"]
[PlyCount "78"]
[EventDate "2025.01.13"]
[EventType "tourn"]
[EventCountry "ARM"]
[SourceTitle "playchess.com"]
[Source "ChessBase"]
[SourceQuality "1"]
[TimeControl "40/5400+30:1800+30"]

1. d4 Nf6 2. c4 e6 3. Nf3 d5 4. Nc3 c5 5. cxd5 cxd4 6. Qxd4 exd5 7. e4 Nc6 8. Bb5 dxe4 9. Qxd8+ Kxd8 10. Ng5 Ke8 11. Ngxe4 Nxe4 12. Nxe4 Bb4+ 13. Bd2 Bxd2+ 14. Nxd2 Kd8 15. Bxc6 bxc6 16. Ne4 Kc7 {[%emt 0:03:43] ...Re8 would now be deadly.} 17. O-O-O Be6 18. b3 Bd5 19. Nc3 Be6 ({But not} 19... Bxg2 20. Rhe1 $14) 20. Rhe1 Rad8 21. f3 h6 22. Re5 Rxd1+ 23. Kxd1 $11 {[%emt 0:18:43][%mdl 4096] Endgame KRB-KRN} g5 24. Kc1 Re8 25. Ne4 Ra8 26. Kc2 a5 27. a4 Kd7 28. Kc3 Rb8 29. Nd2 Bd5 30. Nc4 f6 $1 31. Re3 Bxc4 32. Kxc4 {[%emt 0:00:01] KR-KR} Kd6 33. g3 Rb4+ 34. Kc3 Rb8 {[%emt 0:00:20] Wards off Re8} 35. Kc4 Rb4+ 36. Kc3 Rb8 37. Re4 f5 38. Re3 h5 39. Rd3+ Ke5 1/2-1/2

[Event "85th ARM-ch HL 2025"]
[Site "Yerevan"]
[Date "2025.01.17"]
[Round "4.2"]
[White "Hayrapetyan, Hovik"]
[Black "Sargsyan, Sargis Vach."]
[Result "0-1"]
[Annotator "TA"]
[ECO "E51"]
[WhiteElo "2462"]
[BlackElo "2370"]
[PlyCount "113"]
[EventDate "2025.01.13"]
[EventType "tourn"]
[EventCountry "ARM"]
[SourceTitle "playchess.com"]
[Source "ChessBase"]
[SourceQuality "1"]
[TimeControl "40/5400+30:1800+30"]

1. d4 Nf6 2. c4 e6 3. Nf3 d5 4. Nc3 Bb4 5. e3 O-O 6. Bd2 b6 7. cxd5 exd5 8. Bd3 Bd6 9. O-O Re8 10. Rc1 c5 11. Nb5 Bf8 12. Ne5 Ba6 13. a4 Bb7 $1 14. f4 Nc6 15. Bc3 a6 16. Na3 c4 17. Bb1 Na7 18. Be1 b5 19. Bh4 Qb6 20. Bxf6 Qxf6 21. Qf3 (21. Rf3 $11 Bc8 22. Rg3) 21... Qe6 (21... Rad8 $15) 22. g4 (22. Rf2 $1 $11) 22... f6 {[%emt 0:03:04] [#]} (22... bxa4 23. Naxc4 f6 24. Qh3 $16) ({Black should try} 22... Bxa3 $15 23. bxa3 f6) 23. g5 $1 f5 $1 (23... fxe5 $6 24. Bxh7+ Kf7 (24... Kxh7 $2 25. Qh5+ Kg8 26. g6 $18) 25. f5 $16 (25. dxe5 Bxa3 26. bxa3 Rh8 $17) (25. fxe5+ Ke7 $16)) 24. g6 hxg6 (24... bxa4 $2 25. gxh7+ Kh8 26. Qh5 $18) 25. Qg2 (25. Rc2 $11) 25... Nc6 $15 (25... bxa4 $6 26. Rf3 c3 27. Rxc3 $14) 26. Rf3 Nxe5 (26... bxa4 27. Nxg6 Ne7 28. Ne5 $14) 27. fxe5 Be7 (27... bxa4 $6 28. Rg3 Kh7 29. Qh3+ (29. Nxc4 Rac8 $15) 29... Kg8 30. Qg2 $11) 28. axb5 Bxa3 (28... Rf8 $17 29. Rcf1 Bxa3) 29. bxa3 (29. Rg3 {seems wilder.} Bxb2 30. Rf1 Qf7 31. Rxg6 Bc8 32. Rf6) 29... axb5 30. Rg3 Ra6 $1 (30... Rxa3 31. Rxg6 Qf7 32. Rf6 $16) 31. h4 Qf7 (31... Rxa3 32. Rxg6 Qf7 33. Kh2 $14) 32. Rf1 Bc8 $1 (32... Rxa3 $2 33. h5 Ra1 34. hxg6 $18 (34. Rxg6 Re6 $18)) 33. e4 $2 dxe4 $19 (33... Qa7 34. Rxg6 Rxg6 (34... Rxe5 $2 35. Kh2 $19) (34... Rxa3 35. exf5 Qxd4+ 36. Rf2 $11) (34... Qxd4+ $2 35. Kh1 $19) (34... dxe4 $2 35. Kh2 $19) 35. Qxg6 Qxd4+ 36. Kg2 Qxe5 (36... Rxe5 $2 37. Qc6 $19) 37. exf5 Qb2+ 38. Rf2 $19) 34. Bxe4 Qa7 35. Bd5+ Be6 (35... Kh7 $142 36. Rd1 Rxe5 (36... Rxa3 37. Rxg6 Ra1 38. Rxg7+ Qxg7 39. Qxg7+ Kxg7 40. Rxa1 $15)) 36. Bxe6+ Rexe6 (36... Raxe6 $19 {is more deadly.} 37. Qd5 Kh8) 37. Qd5 $17 {[%emt 0:00:21][%csl LRb5,LRg6] [#]} Kh7 (37... Qf7 $1 $17 38. Rf4 Rac6) 38. h5 $1 $11 Qe7 39. Qf3 {[%emt 0:00:15] Strongly threatening hxg6+.} Qh4 $36 {[%emt 0:00:29][%csl LRd4,LRh5][%mdl 2048] Black has good play.} 40. Qf2 (40. Kg2 $11 {keeps the balance.}) 40... f4 {[%emt 0:00:00] The board is on fire. Black is more active.} (40... Qxh5 41. Kg2 Kg8 42. Rh1 $16) (40... b4 $17 41. axb4 Ra2 (41... gxh5 $2 42. Rxg7+ Kxg7 43. Qxh4 $18) (41... Qxh5 $2 42. Kg2 $18) 42. Qxa2 Qxg3+ 43. Qg2 Qc3) 41. Qxf4 Qxf4 (41... Qxh5 42. Rf2 $18) 42. Rxf4 gxh5 {[%emt 0:00:03][%mdl 4096] Endgame KRR-KRR. Black is a pawn up.} 43. Re3 Re8 {[%emt 0:02:01] Inhibits Rf8.} 44. Kf2 (44. d5 $15) 44... Rc8 (44... g5 $142 45. Rfe4 Rc6) 45. Rc3 ({Better is} 45. Rh4) 45... g5 $17 46. Rf7+ Kg6 47. Rb7 (47. Rd7 {was necessary.}) 47... Rf8+ $19 48. Ke3 $2 (48. Ke2 {is more resistant.}) 48... g4 49. Ke4 h4 50. Rxb5 g3 {[%emt 0:01:52] aiming for ...g2.} 51. Rb2 Kg5 52. Rxc4 h3 53. Rc3 Rf4+ 54. Kd5 g2 55. Rg3+ Rg4 56. Rbb3 h2 57. e6 0-1

[Event "85th ARM-ch HL 2025"]
[Site "Yerevan"]
[Date "2025.01.17"]
[Round "4.3"]
[White "Grigoryan, Karen H."]
[Black "Andriasian, Zaven"]
[Result "1/2-1/2"]
[Annotator "TA"]
[ECO "B87"]
[WhiteElo "2572"]
[BlackElo "2554"]
[PlyCount "135"]
[EventDate "2025.01.13"]
[EventType "tourn"]
[EventCountry "ARM"]
[SourceTitle "playchess.com"]
[Source "ChessBase"]
[SourceQuality "1"]
[TimeControl "40/5400+30:1800+30"]

1. e4 c5 2. Nf3 d6 3. d4 cxd4 4. Nxd4 Nf6 5. Nc3 a6 6. Bc4 e6 7. Bb3 b5 8. Be3 Bb7 9. f3 Nbd7 10. a3 Rc8 11. Qd2 Ne5 12. O-O Nc4 13. Bxc4 Rxc4 14. a4 b4 15. Nce2 e5 16. Nf5 d5 17. Rfd1 g6 18. Nh6 Be7 19. Rac1 Rc8 20. Ng3 Qc7 (20... dxe4 $142 21. Qf2) 21. c3 $11 b3 22. f4 dxe4 23. fxe5 Nd5 24. Nxe4 Qxe5 (24... Nxe3 $2 25. Nd6+ (25. Qxe3 Bxe4 26. Qxe4 Bg5 $17) 25... Kf8 (25... Bxd6 26. exd6 Qc5 27. d7+ Kd8 28. Nxf7+ Kc7 29. Qd4 $18) 26. Qxe3 $18) 25. Qd4 (25. Bd4 $16 Qxe4 26. Re1) 25... f6 (25... Qxd4 $11 {should be considered.} 26. Bxd4 f5 27. Bxh8 fxe4) 26. Ng4 Qxd4 27. Bxd4 O-O 28. c4 Ne3 (28... Nf4 $1 $11 29. Re1 (29. Nexf6+ Rxf6 30. Nxf6+ Bxf6 $15) (29. Ngxf6+ Bxf6 30. Nxf6+ Rxf6 $11) (29. Bxf6 h5 $11) 29... Nh5) 29. Nexf6+ (29. Nxe3 $6 Bxe4 30. Bb6 f5 $11) 29... Bxf6 30. Nxf6+ (30. Nxe3 Bg5 $11) 30... Rxf6 31. Bxe3 (31. Bxf6 Nxd1 32. Rxd1 Rxc4 $11) 31... Bc6 32. a5 Re6 33. Rd3 Rce8 34. Bf2 (34. Rcc3 $16) 34... Re2 $1 $11 35. Rxb3 Rf8 36. Rf1 Rc2 37. h3 Rxc4 38. Rc3 Rxc3 39. bxc3 Rf5 40. Ra1 Rb5 41. c4 Rb4 42. c5 Ra4 43. Rd1 Rxa5 44. Rd8+ Kf7 45. Rc8 Ra1+ 46. Kh2 Be4 47. c6 Rc1 48. c7 Bf5 49. Rh8 h5 50. Bg3 Rc2 51. h4 Rc4 (51... a5 $11) 52. Ra8 $14 Rc6 53. Bf4 Be6 54. Kg1 Kf6 55. Kf2 Kf5 56. Ke3 Bd7 ({Black should play} 56... Kf6 $1 $14) 57. g3 (57. Rf8+ $16 Kg4 58. g3) 57... Kf6 $1 $14 58. Kd4 Bh3 59. Rd8 Bg4 60. Bd6 Bh3 $1 61. Be5+ Ke7 62. Rg8 Kf7 63. Rg7+ Kf8 $1 64. Rh7 Kg8 65. Rh8+ Kf7 66. Ra8 Ke7 67. Bf4 ({White should try} 67. Rb8 $14) 67... Bg4 (67... Kf6 $1 $11) 68. Ke4 1/2-1/2

[Event "85th ARM-ch HL 2025"]
[Site "Yerevan"]
[Date "2025.01.17"]
[Round "4.4"]
[White "Harutyunyan, Tigran K."]
[Black "Petrosyan, Manuel"]
[Result "1/2-1/2"]
[Annotator "TA"]
[ECO "E05"]
[WhiteElo "2513"]
[BlackElo "2590"]
[PlyCount "39"]
[EventDate "2025.01.13"]
[EventType "tourn"]
[EventCountry "ARM"]
[SourceTitle "playchess.com"]
[Source "ChessBase"]
[SourceQuality "1"]
[TimeControl "40/5400+30:1800+30"]

1. Nf3 Nf6 2. g3 d5 3. Bg2 e6 4. O-O Be7 5. d4 O-O 6. c4 dxc4 7. Qc2 a6 8. a4 Bd7 9. Qxc4 Bc6 10. Bf4 Bd6 11. Qc1 Nbd7 12. Nc3 Nd5 13. Bg5 f6 14. Bd2 f5 15. Qc2 Qe8 16. Ne1 Kh8 17. Nd3 Nxc3 18. Bxc3 Bxg2 19. Kxg2 e5 20. dxe5 1/2-1/2

[Event "85th ARM-ch HL 2025"]
[Site "Yerevan"]
[Date "2025.01.17"]
[Round "4.5"]
[White "Agasarov, Benik"]
[Black "Gharibyan, Mamikon"]
[Result "1-0"]
[Annotator "TA"]
[ECO "C47"]
[WhiteElo "2387"]
[BlackElo "2486"]
[PlyCount "99"]
[EventDate "2025.01.13"]
[EventType "tourn"]
[EventCountry "ARM"]
[SourceTitle "playchess.com"]
[Source "ChessBase"]
[SourceQuality "1"]
[TimeControl "40/5400+30:1800+30"]

1. e4 e5 2. Nf3 Nc6 3. Nc3 Nf6 4. d4 exd4 5. Nxd4 Bb4 6. Nxc6 bxc6 7. Bd3 O-O 8. O-O d5 9. exd5 cxd5 10. h3 {[%emt 0:00:05] Prevents Bg4} c6 11. Qf3 Bd6 12. Re1 {[%emt 0:00:07] The position is equal.} Rb8 13. b3 h6 14. Bf4 Rb4 15. Bxd6 Qxd6 16. Qe3 a5 17. Na4 Be6 18. c3 d4 (18... Rbb8 $11 {keeps the balance.}) 19. Qd2 $16 Rbb8 20. c4 (20. cxd4 $16 Kh8 21. Bf1 (21. Qxa5 Qxd4 22. Rad1 Ra8 $16)) 20... Ra8 {[%emt 0:06:25] [#]} 21. c5 $1 Qc7 22. Nb6 Rad8 23. f4 {[%emt 0:04:24][%cal Oa1d1,Bf2f4,Bf4f5][%mdl 32] White is more active.} Nd5 24. f5 Bc8 25. Nxd5 Rxd5 26. f6 {[%emt 0:00:45] Threatens to win with fxg7.} Rxc5 27. fxg7 Kxg7 28. Qf2 {[%emt 0:01:13] Dancing on a razor blade.} Rd8 {[%emt 0:01:52] A mistake that costs the game.} (28... Rd5 $14) 29. Rf1 $18 {[%emt 0:00:50][%cal Be1f1,Bf1f3,Bf3g3,Bg3g4,Bg4f4][%mdl 1056] White has strong compensation.} Qe7 {[%emt 0:01:22] Against Qf6+} 30. Rae1 $40 {[%emt 0:00:29][%mdl 128] Inhibits Qe3. White attacks with force.} Be6 31. h4 {[%emt 0:00:17] Hoping for Qg3+.} Rc3 $2 (31... Rh5) 32. Qg3+ Kf8 33. Qe5 ({Less strong is} 33. Qg6 Rd6 $16 (33... Ke8 $2 34. Rxf7 Bxf7 35. Rxe7+ Kxe7 36. Qxh6 $18)) 33... Kg8 {[%emt 0:00:54] Prevents Qh8+} 34. Rf3 {[%emt 0:05:03] White wants to mate with Rg3+.} Qxh4 (34... Rxd3 35. Rxd3 Kh7 36. Qe4+ (36. Qxa5 Rd5 $16) (36. Rxd4 Qa7 $18) (36. Rg3 Qf8 $18) 36... Kh8 37. Rxd4 (37. Qxc6 Qxh4 38. Qe4 Qf6 $18) 37... Rc8 38. Qe5+ Kh7) 35. Ref1 Qg5 36. Rg3 Bg4 {[%emt 0:00:04] [#]} 37. Qe4 {[%emt 0:00:39] Intending Qh7+ and mate.} Kf8 38. Rxg4 Qe3+ 39. Qxe3 {[%emt 0:00:04] White is clearly winning.} dxe3 40. Bc4 Rd7 41. Rgf4 Ke8 42. a4 Re7 43. Re1 Re5 44. Bxf7+ (44. Rxf7 Rxc4 45. Rf6 Rc2 46. Rxh6 Rc3 $11) 44... Ke7 45. Bc4 h5 46. Re2 Kd6 47. Kh2 Kc5 48. Kg3 Rc1 49. Rf6 Re4 50. Rh6 {[%emt 0:07:07] Weighted Error Value: White=0.12 (very precise) /Black=0.35.  Mistake:       	White=1     	Black=4      Inaccurate:     	White=2     	Black=1      OK:         	White=24    	Black=12     Best:        	White=4     	Black=3      Strong:       	White=1     	---} 1-0

[Event "85th ARM-ch HL 2025"]
[Site "Yerevan"]
[Date "2025.01.18"]
[Round "5.1"]
[White "Gharibyan, Mamikon"]
[Black "Davtyan, Artur"]
[Result "0-1"]
[Annotator "TA"]
[ECO "C42"]
[WhiteElo "2486"]
[BlackElo "2458"]
[PlyCount "106"]
[EventDate "2025.01.13"]
[EventType "tourn"]
[EventCountry "ARM"]
[SourceTitle "playchess.com"]
[Source "ChessBase"]
[SourceQuality "1"]
[TimeControl "40/5400+30:1800+30"]

1. e4 e5 2. Nf3 Nf6 3. Nxe5 d6 4. Nf3 Nxe4 5. d4 d5 6. Bd3 Be7 7. O-O Nc6 8. Nbd2 Nd6 9. c3 Bf5 10. Bxf5 Nxf5 11. Re1 Qd7 12. Nf1 O-O 13. Qd3 f6 14. Ng3 Nxg3 15. hxg3 Rfe8 16. Bf4 a6 17. g4 Qxg4 18. Bxc7 Bf8 19. Nh2 Qd7 20. Bf4 Ne7 21. Qf3 Nf5 22. Nf1 g6 23. Bh2 h5 24. Ng3 Nxg3 25. Bxg3 Kg7 26. b3 Rac8 27. Rac1 b5 28. Rxe8 Rxe8 29. c4 dxc4 30. bxc4 Qxd4 31. cxb5 h4 32. Bf4 axb5 33. Be3 Qe5 34. Re1 g5 35. Bd2 Qb8 36. Rb1 Qa8 37. Qb3 (37. Rxb5 $15 Qxf3 (37... Qxa2 $2 38. Bc3 $18) 38. gxf3) 37... Bd6 (37... Rd8 $17 38. Bb4 Bxb4 39. Qxb4 Qxa2) 38. Rd1 (38. Qxb5 $11 {keeps the balance.} Qe4 39. Bc3) 38... Qc6 $17 39. Rb1 (39. Bc3 $17) 39... Re5 40. Bc3 (40. Be3 $17) 40... Rc5 41. Bb2 (41. Bd2 {keeps fighting.}) 41... Rc2 $19 42. Rd1 ({Don't go for} 42. Qe6 $2 Bh2+ 43. Kxh2 Qxe6 $19) 42... Bg3 43. Bd4 Bf4 44. Qa3 Qe6 45. Qa7+ $2 (45. Qf3 {was the only chance.}) 45... Kg6 $19 46. a4 (46. Qb6 $142 Qxb6 (46... Qxa2 47. Qxf6+ Kh5 48. Qh8+ Kg4 49. Qe8 $16) 47. Bxb6) 46... Rd2 $19 47. Rf1 h3 48. Qb6 Qxb6 49. Bxb6 bxa4 50. Bc5 Rc2 51. Ba3 g4 52. gxh3 gxh3 53. Rd1 Kf5 0-1

[Event "85th ARM-ch HL 2025"]
[Site "Yerevan"]
[Date "2025.01.18"]
[Round "5.2"]
[White "Petrosyan, Manuel"]
[Black "Agasarov, Benik"]
[Result "1-0"]
[Annotator "TA"]
[ECO "C27"]
[WhiteElo "2590"]
[BlackElo "2387"]
[PlyCount "109"]
[EventDate "2025.01.13"]
[EventType "tourn"]
[EventCountry "ARM"]
[SourceTitle "playchess.com"]
[Source "ChessBase"]
[SourceQuality "1"]
[TimeControl "40/5400+30:1800+30"]

1. e4 e5 2. Bc4 Nf6 3. Nc3 Bc5 4. Nge2 d6 5. O-O O-O 6. d4 exd4 7. Nxd4 Bg4 8. Be2 Bxe2 9. Ndxe2 h6 10. Ng3 Nc6 11. Na4 Bb6 12. Nxb6 axb6 13. c4 Qe8 14. Bd2 Qe6 (14... Nxe4 $2 15. Re1 $18) 15. b3 Rfe8 (15... Nxe4 $2 16. Re1 $18) 16. Re1 Qe5 17. Qf3 Nd4 18. Qd3 Ne6 {[%emt 0:00:26] Inhibits f4.} 19. Bc3 Qg5 20. Bd2 Qe5 21. f3 Qd4+ 22. Qxd4 Nxd4 23. Rec1 {[%emt 0:00:20] Inhibits Nc2.} Nd7 24. Bc3 Ne6 25. Rc2 g6 26. Rd1 Ng7 27. Kf2 f6 28. h4 h5 29. Nf1 f5 30. Bxg7 Kxg7 31. exf5 gxf5 32. Ne3 Kg6 33. Nd5 Rac8 34. Re1 {[%emt 0:04:35] White is more active.} Rxe1 35. Kxe1 $16 {[%emt 0:00:01][%mdl 4096] Endgame KRN-KRN} Kf7 {[%emt 0:02:06] Prevents Ne7.} 36. Re2 Ne5 37. Kf2 ({White should play} 37. f4 Ng6 38. g3) 37... b5 38. cxb5 $18 c6 39. bxc6 bxc6 40. Nf4 Re8 41. Rd2 d5 42. g3 Rh8 43. Re2 Nd7 44. Rc2 Rh6 (44... Ne5 {keeps fighting.} 45. Re2 Nd7) 45. b4 Ke7 {[%emt 0:01:15] [#]} 46. b5 $1 cxb5 47. Nxd5+ Kd6 48. Rd2 Ne5 49. Nc3+ Kc6 {[%emt 0:01:02] [#]} 50. Nxb5 $1 Nc4 (50... Rf6 51. Nd4+) 51. Nd4+ Kc5 52. Nb3+ (52. Nxf5 Rf6 53. Rd8 Rxf5 $17) 52... Kb4 53. Rd5 Ra6 54. Nc1 (54. Rxf5 Rxa2+ 55. Kg1 Kxb3 $14) 54... Nd6 55. Ke3 1-0

[Event "85th ARM-ch HL 2025"]
[Site "Yerevan"]
[Date "2025.01.18"]
[Round "5.3"]
[White "Andriasian, Zaven"]
[Black "Harutyunyan, Tigran K."]
[Result "0-1"]
[Annotator "TA"]
[ECO "C55"]
[WhiteElo "2554"]
[BlackElo "2513"]
[PlyCount "108"]
[EventDate "2025.01.13"]
[EventType "tourn"]
[EventCountry "ARM"]
[SourceTitle "playchess.com"]
[Source "ChessBase"]
[SourceQuality "1"]
[TimeControl "40/5400+30:1800+30"]

1. e4 e5 2. Nf3 Nc6 3. Bc4 Nf6 4. d3 Be7 5. a4 d5 6. exd5 Nxd5 7. O-O O-O 8. Re1 Bg4 9. Nbd2 Kh8 10. h3 Bh5 11. Nf1 (11. g4 $5 Bg6 $8 12. Nxe5 $11) 11... Ndb4 12. N1h2 (12. g4 $11 Bg6 13. Bd2 (13. Nxe5 Nxe5 14. Rxe5 f5 $11)) 12... f5 $15 13. c3 {[%emt 0:01:14] [#]} e4 $1 14. dxe4 (14. g4 $11 {remains equal.} fxg4 (14... Nxd3 15. Bxd3 Bg6 16. Be2 $15) 15. hxg4) 14... Qxd1 $17 15. Rxd1 Nc2 16. Ra2 {[%emt 0:03:58] and exf5 should not be overlooked} fxe4 {[%emt 0:01:30] Black is more active.} 17. b3 exf3 (17... Bxf3 $2 18. gxf3 Ne5 19. fxe4 $18 (19. Rxc2 exf3 20. Be3 Nxc4 $18) (19. Bf1 e3 $18)) 18. Rxc2 fxg2 19. Re1 Bf6 20. Bd5 Bg6 21. Be4 Bf7 (21... Rae8 22. Rce2) ({Better is} 21... Rfe8 $17 22. Rce2 Rxe4 23. Rxe4 Bxc3) 22. Bxc6 $15 (22. Kxg2 $2 Bxb3 23. Rce2 Bxa4 $19 (23... Bxc3 $2 24. Bd2 $19)) 22... bxc6 23. c4 $1 Bg6 24. Rce2 Rab8 25. Ba3 Rfc8 26. Re3 a5 27. Bc5 Bg5 {[%emt 0:05:25] A strong pair of Bishops.} 28. Rg3 $1 Bf4 29. Rf3 $1 Bd6 30. Bxd6 cxd6 31. Rc3 {[%emt 0:00:19] Repels Bc2} d5 32. Nf3 dxc4 33. bxc4 Rb4 34. Ne5 Rxa4 35. Nxg6+ hxg6 {[%emt 0:00:02][%mdl 4096] Endgame KRR-KRR. Black is two pawns up.} 36. Re7 Ra8 37. Rg3 Kh7 38. Rg4 Rf8 39. Re6 Ra2 40. Rexg6 Rf7 41. R6g5 $2 (41. Rxg2 $15 Raxf2 42. Rxc6 Rf1+ 43. Kh2) 41... a4 $19 ({And not} 41... Rfxf2 42. Rxg7+ Kh6 43. R7g6+ Kh7 44. Rg7+ Kh8 45. Rg8+ Kh7 46. R8g7+ $11) ({Weaker is} 41... Raxf2 42. Rxa5 Rc2 43. Kh2 $15) 42. Rxg2 $2 (42. Kxg2 Raxf2+ (42... Rfxf2+ $2 43. Kg3 $19) 43. Kg3) 42... Ra7 $1 43. Rh5+ Kg8 44. Rgg5 Rb2 $1 45. Ra5 Rbb7 46. Rhe5 Kf7 {[%emt 0:01:25] Inhibits Re8.} 47. Rf5+ {[%emt 0:01:25] [#]} Ke8 $1 48. Rh5 Kd7 49. Rag5 {[%emt 0:00:29] [#]} Ke6 $1 50. Re5+ Kf7 51. Rhf5+ Kg8 52. Re8+ Kh7 53. h4 a3 {[%emt 0:00:48] White must now prevent ...a2.} 54. Ref8 g6 0-1